 Dungeon Crawl Stone Soup version 0.31-a0-1549-g5ff9445e89 (webtiles) character file.

Game seed: 4636755412981259318

1921 dialectric the Fighter (level 8, -5/112 HPs)
             Began as a Minotaur Fighter on Jan 2, 2024.
             Slain by a gnoll sergeant
             ... wielding a +0 halberd
              (14 damage)
             ... in a bailey.
             The game lasted 00:08:24 (3666 turns).

dialectric the Fighter (Minotaur Fighter)           Turns: 3666, Time: 00:08:24

Health: -5/112     AC: 24    Str: 24    XL:     8   Next: 96%
Magic:  7/7        EV:  2    Int:  5    God:
Gold:   282        SH:  0    Dex:  9    Spells: 7/7 levels left

rFire   . . .        B - +0 morningstar
rCold   . . .        (no shield)
rNeg    . . .        u - melded +2 scale mail {rF+}
rPois   +            (helmet currently unavailable)
rElec   .            (cloak currently unavailable)
rCorr   +            F - melded +0 pair of gloves
SInv    .            v - melded +1 pair of boots
Will    .....        y - amulet of regeneration
Stlth   +            f - ring of resist corrosion
HPRegen 1.18/turn    s - +5 ring of evasion
MPRegen 0.10/turn

%: no passive effects
@: mighty, tree-form
A: stationary, stasis, torment immunity, boosted hp, (horns 2), (retaliatory
headbutt)
a: no special abilities


You were in a bailey.
You were a tree.
You visited 1 branch of the dungeon, and saw 7 of its levels.
You also visited: Bailey.

You collected 282 gold pieces.

Inventory:

Hand Weapons
 m - a +0 demon blade
 B - a +0 morningstar (weapon)
Missiles
 b - 2 throwing nets
 l - 13 poisoned darts (quivered)
Armour
 c - a +0 buckler
 u - a +2 scale mail of fire resistance (melded)
 v - a +1 pair of boots (melded)
 F - a +0 pair of gloves (melded)
Jewellery
 e - a +6 ring of intelligence
 f - a ring of resist corrosion (left branch)
 s - a +5 ring of evasion (right branch)
 y - an amulet of regeneration (around neck)
Wands
 d - a wand of flame (26)
 g - a wand of polymorph (8)
 x - a wand of paralysis (1)
Scrolls
 j - a scroll of brand weapon {unknown}
 n - 3 scrolls of blinking
 q - a scroll of vulnerability {unknown}
 r - 4 scrolls of identify
 A - a scroll of teleportation
 C - a scroll of poison {unknown}
Potions
 i - a potion of lignification
 k - a potion of magic
 w - 2 potions of curing
 E - 2 potions of degeneration {unknown}


   Skills:
 + Level 8.5 Fighting
 + Level 7.9 Maces & Flails
 + Level 8.4 Armour
 - Level 4.0 Dodging
 - Level 3.6 Shields


You had 7 spell levels left.
You didn't know any spells.
Your spell library contained the following spells:

 Spells                   Type           Power      Damage    Failure   Level
 Magic Dart               Conj           0%         1d3       47%         1
 Searing Ray              Conj           0%         2d4       63%         2
 Fulminant Prism          Conj/Alch      0%         3d5       99%         4


Dungeon Overview and Level Annotations

Branches:
Dungeon (7/15)             Temple (0/1) D:6          Bailey (1/1)

Altars:
Dithmenos
Makhleb
Okawaru
Sif Muna

Shops:
D:1 (   D:4 *

Annotations:
D:6 1 runed translucent door, timneilson's ghost, novice GrFi


Innate Abilities, Weirdness & Mutations

You are a tree.
Your roots penetrate the ground, keeping you stationary.
You cannot be teleported.
You are immune to unholy pain and torment.
Your maximum health is greatly increased.
Your equipment is partially melded.
((You have a pair of horns on your head.))
((You reflexively headbutt those who attack you in melee.))


Message History

Unknown command.
You impale the wolf!!
You kill the wolf!
The wolf bites you but does no damage. The gnoll hits you but does no damage.
The gnoll hits you from afar with a +0 trident.
The wolf bites you but does no damage.
The gnoll hits you but does no damage. x2
Unknown command.
You barely miss the wolf.
The gnoll sergeant is no longer paralysed.
The wolf bites you.
* * * LOW HITPOINT WARNING * * *
The gnoll sergeant hits you from afar with a +0 halberd.
* * * LOW HITPOINT WARNING * * *
The wolf bites you but does no damage.
The gnoll hits you from afar with a +0 halberd.
* * * LOW HITPOINT WARNING * * *
The gnoll hits you but does no damage.
You closely miss the wolf. The wolf bites you but does no damage.
The gnoll sergeant hits you from afar with a +0 halberd.
* * * LOW HITPOINT WARNING * * *
The wolf bites you but does no damage. The gnoll completely misses you.
The gnoll barely misses you.
The gnoll sergeant hits you from afar with a +0 halberd.
* * * LOW HITPOINT WARNING * * *
Unknown command.
You closely miss the wolf. The wolf bites you but does no damage.
The gnoll hits you but does no damage. x2; The wolf bites you.
* * * LOW HITPOINT WARNING * * *
The gnoll sergeant completely misses you.
Unknown command.
Unknown command.
You puncture the wolf!
The wolf is heavily wounded.
The wolf bites you.
* * * LOW HITPOINT WARNING * * *
The gnoll hits you from afar with a +0 halberd!
* * * LOW HITPOINT WARNING * * *
The gnoll hits you but does no damage.
The gnoll sergeant hits you from afar with a +0 halberd!
You die...

♣≈≈. ###### ..≈≈♣♣ ♣≈...##.8...
#..≈.♣ ♣≈..##..... #..≈.♣♣
♣≈..#..... #..≈..♣ ♣≈..#....
##### #..≈..♣ ♣≈..#.gg ##...##
#..≈..♣♣
♣≈..##g###...g.######..≈...♣♣
♣≈......#....gh♣#...)).....)♣♣♣#
♣≈.....)'...8g..'.))'......)).∩#
♣≈......#(...(((#..)')=)....♣♣♣#
♣≈..##+###.....######..≈...♣♣
♣≈..# ##...## #..≈...♣ ♣≈..#
##### #..≈...♣ ♣≈..# #..≈..♣♣
♣≈..# #..≈.♣♣ ♣≈... #..≈.♣


You could see a gnoll sergeant, a wolf and 2 gnolls.

Vanquished Creatures
  Sigmund (D:6)
  A steam dragon (D:6)
  A water moccasin (D:4)
  Duvessa (D:5)
  A black bear (D:7)
  2 wolves (Bailey)
  A bullfrog (D:6)
  2 gnoll sergeants (Bailey)
  2 scorpions
  A wight (D:7)
  Dowan (D:5)
  A howler monkey (D:6)
  A bombardier beetle (D:3)
  3 hounds
  A jelly (D:7)
  An orc priest (D:5)
  3 gnoll boudas (Bailey)
  Jessica (D:2)
  An iguana (D:4)
  3 orc wizards
  Robin (D:2)
  13 gnolls
  10 adders
  A shadow imp (D:7)
  2 dart slugs (D:1)
  24 orcs
  8 ball pythons
  6 endoplasms
  4 giant cockroaches
  15 goblins
  7 hobgoblins
  6 quokkas
  5 bats
  3 frilled lizards
  7 kobolds
  15 rats
156 creatures vanquished.

Vanquished Creatures (collateral kills)
  A gnoll (D:6)
1 creature vanquished.

Grand Total: 157 creatures vanquished

Notes
Turn   | Place    | Note
-------+----------+-------------------------------------------
     0 | D:1      | dialectric the Minotaur Fighter began the quest for the
                  | Orb.
     0 | D:1      | Reached XP level 1. HP: 19/19 MP: 0/0
    25 | D:1      | Found Qixaycw's Antique Weapon Emporium.
   104 | D:1      | Reached XP level 2. HP: 27/27 MP: 1/1
   178 | D:1      | Reached skill level 1 in Dodging
   260 | D:1      | Reached XP level 3. HP: 31/33 MP: 2/2
   735 | D:2      | Noticed Robin
   849 | D:2      | Noticed Jessica
   865 | D:2      | Killed Jessica
   866 | D:2      | Reached XP level 4. HP: 13/41 MP: 3/3
   877 | D:2      | Killed Robin
  1468 | D:3      | Reached XP level 5. HP: 46/47 MP: 4/4
  1837 | D:3      | Found a shimmering blue altar of Sif Muna.
  2004 | D:4      | Found Robymaze's Assorted Antiques.
  2075 | D:4      | Reached skill level 5 in Fighting
  2075 | D:4      | Reached skill level 5 in Armour
  2276 | D:4      | Noticed a water moccasin
  2300 | D:4      | Killed a water moccasin
  2301 | D:4      | Reached XP level 6. HP: 35/56 MP: 5/5
  2444 | D:4      | Found a shadowy altar of Dithmenos.
  2494 | D:5      | Entered Level 5 of the Dungeon
  2592 | D:5      | Noticed Dowan
  2595 | D:5      | Noticed Duvessa
  2600 | D:5      | Killed Dowan
  2607 | D:5      | Killed Duvessa
  2608 | D:5      | Reached skill level 5 in Maces & Flails
  2608 | D:5      | Reached XP level 7. HP: 44/62 MP: 6/6
  2884 | D:6      | Noticed a steam dragon
  2890 | D:6      | Killed a steam dragon
  2897 | D:6      | Noticed timneilson's ghost (novice GrFi)
  2899 | D:6      | Found a runed translucent door.
  3050 | D:6      | Noticed Sigmund
  3053 | D:6      | Killed Sigmund
  3054 | D:6      | Reached XP level 8. HP: 73/73 MP: 7/7
  3060 | D:6      | Found a staircase to the Ecumenical Temple.
  3277 | D:6      | Found an iron altar of Okawaru.
  3278 | D:6      | Found a burning altar of Makhleb.
  3370 | D:7      | Found a flagged portal.
  3432 | Bailey   | Entered a bailey
  3666 | Bailey   | Slain by a gnoll sergeant

Illustrated notes

Levels and vault maps discovered:
D:1:      dpeg_arrival_tiny_e, layout_basic, serial_shops, shop,
          due_unseen_surprise
D:2:      layout_basic, st_stairs_4, uniq_jessica, uniq_robin
D:3:      layout_loops_ring, led_sif_pool, minmay_liquid_box,
          chequers_mini_garden
D:4:      layout_cave_pods, grunt_dithmenos_smoke, lemuel_round_altar,
          mainiacjoe_overflow_alcove_2, serial_shops, shop
D:5:      layout_rooms, uniq_duvessa
D:6:      layout_cave_pools, mainiacjoe_overflow_divided_tiny,
          minmay_temple_entry_statues, serial_column_ruins, column_ruins_hut,
          column_ruins_grid_3, column_ruins_open_small, column_ruins_open_small,
          column_ruins_open_medium, column_ruins_open_large,
          column_ruins_open_small, hellmonk_ghost_happy_afterlife, uniq_sigmund
D:7:      layout_basic, eat_drink_and_be_merry_uskayaw, zin_scriptorium,
          enter_bailey_5
Bailey:   bailey_polearm_gnolls_kennysheep, bailey

Skill      XL: |  1  2  3  4  5  6  7  8 |
---------------+-------------------------+-----
Dodging        | 1 2 3 4 |  4.0
Fighting       | 4 5 7 8 |  8.5
Armour         | 4 5 6 8 |  8.4
Maces & Flails | 3 4 5 6 7 |  7.9
Shields        | |  3.6

Action                     |  1- 3 |  4- 6 |  7- 9 || total
---------------------------+-------+-------+-------++-------
  Melee: Flail             |    77 |   111 |       ||   188
         Headbutt          |    12 |    18 |    23 ||    53
         Punch             |     1 |     1 |     3 ||     5
         Morningstar       |       |    15 |   153 ||   168
  Throw: Dart              |       |     2 |    20 ||    22
  Evoke: Wand              |       |       |     3 ||     3
    Use: Potion            |     1 |     3 |     6 ||    10
         Scroll            |       |     2 |     5 ||     7
 Armour: Scale mail        |    69 |    73 |   162 ||   304
         Skin              |       |    27 |    98 ||   125
  Dodge: Dodged            |    62 |    80 |   233 ||   375

Table legend: (Time is in decaauts)
 A = Elapsed time spent in this place.
 B = Non-inter-level travel time spent in this place.
 C = Inter-level travel time spent in this place.
 D = Time resting spent in this place.
 E = Time spent auto-exploring this place.
 F = Levels seen in this place.
 G = Mean time per level.
                   A        B        C        D        E       F      G
               +--------+--------+--------+--------+--------+-----+--------+
         Total |   3750 |   3653 |     97 |      0 |   2348 |   8 |  468.8 |
       Dungeon |   3505 |   3408 |     97 |      0 |   2339 |   7 |  500.7 |
        Bailey |    245 |    245 |      0 |      0 |      9 |   1 |  245.0 |
               +--------+--------+--------+--------+--------+-----+--------+

Top non-repeatable levels by time:
     D:1: 797 daAuts
     D:3: 654 daAuts
     D:2: 586 daAuts
     D:6: 527 daAuts
     D:4: 519 daAuts
     D:5: 342 daAuts
  Bailey: 245 daAuts
     D:7: 76 daAuts
